 Dungeon Crawl Stone Soup version 0.29-a0-321-gf1c400731a (webtiles) character file.

Game seed: 12274935324021067683

2305 Morbidden the Chopper (level 9, -5/68 HPs)
             Began as a Demonspawn Fighter on Apr 3, 2022.
             Was an Initiate of Ru.
             Slain by a gnoll shaman
             ... wielding a +0 spear
              (7 damage)
             ... in a bailey.
             The game lasted 00:09:29 (6901 turns).

Morbidden the Chopper (Demonspawn Fighter)          Turns: 6901, Time: 00:09:29

Health: -5/68      AC: 11    Str: 22    XL:     9   Next: 18%
Magic:  14/14      EV:  8    Int:  9    God:    Ru [......]
Gold:   340        SH: 19    Dex: 12    Spells: 12/15 levels left

rFire   . . .      SeeInvis .   w - +4 flail (vorpal)
rCold   . . .      Faith    .   f - +0 tower shield
rNeg    . . .      Spirit   .   c - +1 swamp dragon scales
rPois   +          Reflect  .   n - +1 hat
rElec   .          Harm     .   (no cloak)
rCorr   .          Rampage  .   D - +0 pair of gloves
Will    .....                   (no boots)
Stlth   +.........              (no amulet)
HPRegen 0.21/turn               o - ring of wizardry
MPRegen 0.14/turn               (no ring)

@: no status effects
A: antennae 1, large bone plates 2
a: Renounce Religion


You were in a bailey.
You worshipped Ru.
Ru was noncommittal.
You visited 1 branch of the dungeon, and saw 7 of its levels.
You also visited: Sewer and Bailey.

You collected 340 gold pieces.

Inventory:

Hand Weapons
 a - a +1 war axe
 b - a +2 mace of protection
 w - a +4 vorpal flail (weapon)
Missiles
 m - 8 javelins
Armour
 c - +1 swamp dragon scales (worn)
 f - a +0 tower shield (worn)
 n - a +1 hat (worn)
 B - a +0 plate armour
 D - a +0 pair of gloves (worn)
Jewellery
 o - a ring of wizardry (left hand)
Wands
 u - a wand of paralysis (13) (quivered)
 y - a wand of iceblast (3)
 z - a wand of charming (11)
Scrolls
 g - 4 scrolls of identify
 h - 3 scrolls of magic mapping
 j - a scroll of silence
 k - 3 scrolls of teleportation
 l - 2 scrolls of fog
 p - a scroll of enchant armour
 v - a scroll of immolation {unknown}
 x - 2 scrolls of holy word {unknown}
 A - a scroll of noise {unknown}
 C - a scroll of brand weapon {unknown}
Potions
 d - 2 potions of might
 e - 3 potions of curing
 i - 4 potions of flight
 r - 2 potions of cancellation {unknown}
 s - 2 potions of degeneration {unknown}
 t - a potion of heal wounds


   Skills:
 * Level 5.2 Fighting
 * Level 5.4(5.8) Axes
 + Level 3.0(4.6) Maces & Flails
 + Level 4.3 Armour
 * Level 3.5 Dodging
 + Level 1.4 Stealth
 + Level 4.4 Shields
 * Level 3.8 Spellcasting
 * Level 4.1 Necromancy


You had 12 spell levels left.
You knew the following spells:

 Your Spells              Type           Power      Damage    Failure   Level
a - Vampiric Draining     Necr           9%         2d6       69%         3

Your spell library contained the following spells:

 Spells                   Type           Power      Damage    Failure   Level
 Animate Skeleton         Necr           18%        N/A       32%         1
 Pain                     Necr           36%        1d5       32%         1
 Beastly Appendage        Tmut           2%         N/A       86%         1
 Freeze                   Ice            4%         1d3       86%         1
 Shock                    Conj/Air       4%         1d3       86%         1
 Ensorcelled Hibernation  Hex/Ice        2%         N/A       95%         2
 Passwall                 Tmut/Erth      0%         N/A       95%         2
 Wereblood                Tmut           1%         N/A       95%         2
 Frozen Ramparts          Ice            2%         1d2       99%         3
 Spider Form              Tmut/Pois      1%         N/A       99%         3
 Swiftness                Air            1%         N/A       99%         3
 Hailstorm                Conj/Ice       1%         3d3       100%        4


Dungeon Overview and Level Annotations

Branches:
Dungeon (7/15)             Temple (0/1) D:7           Sewer (visited)
 Bailey (1/1)

Altars:
Makhleb
Nemelex Xobeh
Ru
Vehumet

Shops:
D:7 (


Innate Abilities, Weirdness & Mutations

You have a pair of small antennae on your head.
You are mostly covered in large bone plates. (SH +6)


Message History

The gnoll sergeant hits you but does no damage.
You block the gnoll's attack.
Unknown command.
You hit the gnoll sergeant but do no damage.
You block the gnoll sergeant's attack. x2
The gnoll hits you but does no damage.
The gnoll shaman hits you with a +0 spear.
Unknown command.
You are too injured to fight recklessly!
Unknown command.
You are too injured to fight recklessly!
You are too injured to fight recklessly!
Unknown command.
You are too injured to fight recklessly!
You sock the gnoll sergeant!
The gnoll sergeant is moderately wounded.
You block the gnoll sergeant's attack. The gnoll hits you with a +0 trident.
The gnoll sergeant hits you with a +0 glaive!
You block the gnoll shaman's attack. The gnoll barely misses you.
The gnoll sergeant hits you with a +0 glaive!
* * * LOW HITPOINT WARNING * * *
You block the gnoll shaman's attack.
You barely miss the gnoll sergeant.
The gnoll sergeant is moderately wounded.
You block the gnoll sergeant's attack. You block the gnoll's attack.
The gnoll shaman closely misses you.
The gnoll sergeant hits you with a +0 glaive!
* * * LOW HITPOINT WARNING * * *
Unknown command.
Unknown command.
Unknown command.
Okay, then.
You sock the gnoll!
You kill the gnoll!
You block the gnoll sergeant's attack.
The gnoll shaman hits you but does no damage.
The gnoll sergeant hits you with a +0 glaive.
* * * LOW HITPOINT WARNING * * *
The gnoll shaman hits you with a +0 spear!
You die...

♣♣≈≈...# ♣.≈..###
♣♣.≈..# ♣♣..≈..#
♣...≈..# #### ♣...≈..#
##...##
♣♣..)≈..######.....##
♣♣♣...†.).'...#.g.$...#
∩..∩..)...'..('.@g8...+
♣♣♣.......'...#..)$...#
♣♣...≈..######.....##
♣♣..≈..# ##...##
♣..≈..# #### ♣..≈..#
♣♣.≈..# ♣.≈..#


You could see a gnoll sergeant (fast) and a gnoll shaman.

Vanquished Creatures
  Maggie (D:7)
  A troll (D:6)
  Edmund (D:6)
  A sky beast (D:6)
  An ice beast (D:6)
  3 black bears
  A phantom (D:4)
  2 bullfrogs
  4 scorpions
  A howler monkey (D:6)
  5 hounds
  3 jellies (D:6)
  3 iguanas
  A merfolk siren (Sewer)
  5 orc wizards
  A merfolk avatar (Sewer)
  5 gnolls (Bailey)
  11 adders
  3 river rats
  2 white imps
  An ufetubus (D:5)
  10 orcs
  7 endoplasms
  3 giant cockroaches
  3 hobgoblins
  4 jackals
  13 kobolds
  9 quokkas
  10 ball pythons
  6 bats
  6 frilled lizards (Sewer)
  10 goblins
  24 rats
161 creatures vanquished.

Notes
Turn   | Place    | Note
-------+----------+-------------------------------------------
     0 | D:1      | Morbidden the Demonspawn Fighter began the quest for the
                  | Orb.
     0 | D:1      | Reached XP level 1. HP: 18/18 MP: 1/1
   190 | D:1      | Gained mutation: You are partially covered in large bone
                  | plates. (SH +4) [demonic ancestry]
   190 | D:1      | Reached XP level 2. HP: 22/24 MP: 2/2
   626 | D:1      | Found a faded altar of an unknown god.
   631 | D:1      | Got Plato's Compendium of Air
   985 | D:2      | Reached XP level 3. HP: 19/29 MP: 3/3
  1643 | D:2      | Found a sparkling altar of Nemelex Xobeh.
  2116 | D:3      | Learned a level 3 spell: Vampiric Draining
  2293 | D:3      | Reached XP level 4. HP: 30/35 MP: 5/5
  2339 | D:3      | Noticed a scorpion
  2345 | D:3      | Killed a scorpion
  2346 | D:3      | Reached skill level 1 in Dodging
  2346 | D:3      | Reached skill level 1 in Spellcasting
  2562 | D:3      | Reached XP level 5. HP: 33/41 MP: 6/6
  2887 | D:4      | Noticed a phantom
  2907 | D:4      | Killed a phantom
  2908 | D:4      | Reached skill level 1 in Necromancy
  3041 | D:4      | Gained mutation: You are mostly covered in large bone
                  | plates. (SH +6) [demonic ancestry]
  3041 | D:4      | Reached XP level 6. HP: 26/48 MP: 8/8
  3057 | D:4      | Found a glowing drain.
  3090 | Sewer    | Entered a sewer
  3949 | D:5      | Entered Level 5 of the Dungeon
  4225 | D:5      | Reached XP level 7. HP: 47/53 MP: 9/9
  4273 | D:5      | Reached skill level 1 in Maces & Flails
  5005 | D:5      | Found a radiant altar of Vehumet.
  5191 | D:6      | Noticed Edmund
  5560 | D:6      | Gained mutation: You have a pair of small antennae on your
                  | head. [demonic ancestry]
  5560 | D:6      | Reached XP level 8. HP: 60/61 MP: 10/12
  5611 | D:6      | Killed Edmund
  5845 | D:6      | Noticed a troll
  5860 | D:6      | Killed a troll
  5861 | D:6      | Reached skill level 1 in Stealth
  5877 | D:6      | Reached skill level 5 in Axes
  6040 | D:6      | Found a burning altar of Makhleb.
  6060 | D:6      | Reached skill level 5 in Fighting
  6083 | D:6      | Found a sacrificial altar of Ru.
  6090 | D:6      | Became a worshipper of Ru the Awakened
  6532 | D:7      | Noticed Maggie
  6552 | D:7      | Killed Maggie
  6553 | D:7      | Reached XP level 9. HP: 23/68 MP: 14/14
  6567 | D:7      | Found a staircase to the Ecumenical Temple.
  6570 | D:7      | Found Oseczuoc's Antique Weapon Emporium.
  6597 | D:7      | Found a flagged portal.
  6710 | Bailey   | Entered a bailey
  6900 | Bailey   | HP: 3/68 [gnoll sergeant/+0 glaive (10)]
  6901 | Bailey   | Slain by a gnoll shaman

Illustrated notes

Levels and vault maps discovered:
D:1:      minmay_arrival_doors, layout_basic,
          shapermc_ecumenical_altar_rom_forum, dk_noncrumbling_4
D:2:      layout_loops_cross, basic_altar, kennysheep_generic_room_9
D:3:      layout_rooms
D:4:      layout_rooms, portal_sewer_entry_c
D:5:      layout_loops_ring, mainiacjoe_overflow_surrounded_room,
          hangedman_decor_peaks_small, kennysheep_generic_room_3
D:6:      layout_cave_pools, mainiacjoe_overflow_big_doors, uniq_edmund
D:7:      layout_loops_ring, nicolae_overflow_crystal_walls,
          minmay_temple_entry_statues_fountains, serial_shops, shop,
          enter_bailey_5, minivault_19, uniq_maggie
Bailey:   bailey_polearm_gnolls_kennysheep, bailey

Skill      XL: |  1  2  3  4  5  6  7  8  9 |
---------------+----------------------------+-----
Axes           | 2 3 4 5 |  5.4
Armour         | 3 4 |  4.3
Dodging        | 1 2 3 |  3.5
Shields        | 3 4 |  4.4
Spellcasting   | 1 2 3 |  3.8
Necromancy     | 1 2 3 4 |  4.1
Fighting       | 4 5 |  5.2
Maces & Flails | 1 2 3 |  3.0
Stealth        | 1 |  1.4

Action                   |  1- 3 |  4- 6 |  7- 9 || total
-------------------------+-------+-------+-------++-------
Melee: War axe           |   138 |    83 |    47 ||   268
       Mace              |       |   174 |    52 ||   226
       Flail             |       |       |   110 ||   110
Throw: Javelin           |       |     2 |     1 ||     3
Evoke: Wand              |       |       |     1 ||     1
  Use: Scroll            |       |     8 |     2 ||    10
       Potion            |       |     1 |     2 ||     3
 Stab: Paralysed         |       |       |     6 ||     6
Armor: Scale mail        |    66 |    97 |    66 ||   229
       Plate armour      |       |       |    86 ||    86
       Swamp dragon scal |       |       |    21 ||    21
Dodge: Dodged            |    53 |   103 |    81 ||   237
Block: Buckler           |    74 |   163 |    74 ||   311
       Tower shield      |       |       |   182 ||   182

Table legend: (Time is in decaauts)
 A = Elapsed time spent in this place.
 B = Non-inter-level travel time spent in this place.
 C = Inter-level travel time spent in this place.
 D = Time resting spent in this place.
 E = Time spent auto-exploring this place.
 F = Levels seen in this place.
 G = Mean time per level.
                   A        B        C        D        E       F      G
               +--------+--------+--------+--------+--------+-----+--------+
         Total |   7209 |   7079 |    130 |    600 |   4661 |   9 |  801.0 |
       Dungeon |   6294 |   6164 |    130 |    559 |   4190 |   7 |  899.1 |
         Sewer |    708 |    708 |      0 |     41 |    323 |   1 |  708.0 |
        Bailey |    207 |    207 |      0 |      0 |    148 |   1 |  207.0 |
               +--------+--------+--------+--------+--------+-----+--------+

Top non-repeatable levels by time:
     D:5: 1472 daAuts
     D:6: 1179 daAuts
     D:2: 983 daAuts
     D:3: 925 daAuts
     D:1: 921 daAuts
   Sewer: 708 daAuts
     D:4: 607 daAuts
  Bailey: 207 daAuts
     D:7: 204 daAuts
